 Dungeon Crawl Stone Soup version 0.24.0-13-gcf9b3192b9 (webtiles) character file.

Game seed: 14891051875944536510, levelgen mode: deterministic

33625 MTVSty1e the Severer (level 13, -8/117 HPs)
             Began as a Hill Orc Fighter on Nov 7, 2019.
             Was a Believer of Beogh.
             Mangled by an orc warrior
             ... wielding a +0 halberd
              (16 damage)
             ... on level 2 of the Orcish Mines.
             The game lasted 00:28:23 (13182 turns).

MTVSty1e the Severer (Hill Orc Fighter)            Turns: 13182, Time: 00:28:24

Health: -8/117     AC: 23    Str: 24    XL:     13   Next: 72%
Magic:  13/13      EV:  8    Int:  8    God:    Beogh [**....]
Gold:   48         SH:  6    Dex: 10    Spells: 12/12 levels left

rFire    + + .     SeeInvis .   d - +4 hand axe (vamp)
rCold    . . .     Gourm    .   Z - +0 buckler {AC+3}
rNeg     . . .     Faith    .   Y - +2 chain mail {MR+}
rPois    .         Spirit   .   w - +0 helmet
rElec    .         Reflect  .   r - scarf {cloud immunity}
rCorr    .         Harm     .   x - +1 pair of gloves
MR       +....                  a - +1 pair of boots {Stlth+}
Stlth    ..........             M - amulet of rage
HPRegen  0.29/turn              e - ring of protection from fire
MPRegen  0.13/turn              k - ring of protection from fire

@: no status effects
A: no striking features
a: Smiting, Renounce Religion, Evoke Berserk Rage


You were on level 2 of the Orcish Mines.
You worshipped Beogh.
Beogh was pleased with you.
You were not hungry.

You visited 3 branches of the dungeon, and saw 15 of its levels.
You also visited: Ossuary, Gauntlet and Volcano.

You collected 1429 gold pieces.
You spent 1381 gold pieces at shops.

Inventory:

Hand Weapons
 d - a +4 vampiric hand axe (weapon)
 K - a +1 war axe of chopping
 N - a +1 scimitar of flaming
 P - a +1 broad axe of venom
Armour
 a - a +1 pair of boots of stealth (worn)
 b - +0 acid dragon scales
 c - a +1 plate armour of cold resistance
 r - a scarf of cloud immunity (worn)
 w - a +0 helmet (worn)
 x - a +1 pair of gloves (worn)
 Y - a +2 chain mail of magic resistance (worn)
 Z - a +0 buckler of protection (worn)
Jewellery
 e - a ring of protection from fire (left hand)
 k - a ring of protection from fire (right hand)
 B - a +1 ring of protection
 E - an uncursed ring of protection from magic
 M - an amulet of rage (around neck)
 Q - a +3 ring of protection
 X - an uncursed ring of poison resistance
Wands
 t - a wand of polymorph (15)
 C - a wand of flame (9)
 I - a wand of iceblast (25)
 O - a wand of paralysis (20)
Scrolls
 g - a scroll of acquirement
 i - 2 scrolls of enchant armour
 j - 2 scrolls of fog
 q - 2 scrolls of magic mapping
 y - 4 scrolls of teleportation
 z - 4 scrolls of enchant weapon
 G - 4 scrolls of identify
 T - 2 scrolls of remove curse
Potions
 h - 2 potions of brilliance
 l - 5 potions of curing
 m - 3 potions of lignification
 n - 2 potions of mutation
 o - 2 potions of heal wounds
 s - 3 potions of ambrosia
 u - 2 potions of cancellation
 v - 3 potions of berserk rage
 A - 2 potions of agility {unknown}
 D - 2 potions of resistance
 F - 3 potions of magic
 H - a potion of degeneration {unknown}
 R - a potion of invisibility {unknown}
 S - 2 potions of flight {unknown}
Comestibles
 f - 2 chunks of flesh


   Skills:
 + Level 11.9 Fighting
 * Level 19.3 Axes
 + Level 11.1 Armour
 + Level 11.0 Shields


You had 12 spell levels left.
You didn't know any spells.
Your spell library contained the following spells:

 Spells                   Type           Power        Failure   Level  Hunger
 Animate Skeleton         Necr           N/A          91%         1    ##.....
 Magic Dart               Conj           #...         91%         1    ##.....
 Shock                    Conj/Air       #...         91%         1    ##.....
 Blink                    Tloc           N/A          97%         2    ###....
 Call Imp                 Summ           #.......     97%         2    ###....
 Passwall                 Tmut/Erth      #.......     97%         2    ###....
 Poisonous Vapours        Pois/Air       #.....       97%         2    ###....
 Slow                     Hex            #.......     97%         2    ###....
 Conjure Flame            Conj/Fire      #.......     100%        3    ####...
 Mephitic Cloud           Conj/Pois/Air  #.......     100%        3    ####...
 Recall                   Summ/Tloc      N/A          100%        3    ####...
 Animate Dead             Necr           N/A          100%        4    #####..
 Ice Form                 Ice/Tmut       #.......     100%        4    #####..
 Leda's Liquefaction      Hex/Erth       #.........   100%        4    #####..
 Petrify                  Tmut/Erth      #.......     100%        4    #####..
 Borgnjor's Vile Clutch   Necr/Erth      #.........   100%        5    ######.
 Dispel Undead            Necr           #.......     100%        5    ######.
 Lightning Bolt           Conj/Air       #.........   100%        5    ######.
 Conjure Ball Lightning   Conj/Air       #.........   100%        6    #######
 Death Channel            Necr           #.........   100%        6    #######
 Iron Shot                Conj/Erth      #.........   100%        6    #######
 Simulacrum               Ice/Necr       #.........   100%        6    #######


Dungeon Overview and Level Annotations

Branches:
Dungeon (12/15)            Temple (1/1) D:6            Lair (0/6) D:9
    Orc (2/2) D:12            Elf (0/3) Orc:2       Ossuary (visited)
Volcano (visited)         Gauntlet (visited)

Altars:
Ashenzari
Cheibriados
Dithmenos
Elyvilon
Fedhas
Gozag
Hepliaklqana
Kikubaaqudgha
Makhleb
Nemelex Xobeh
Okawaru
Qazlal
Ru
Sif Muna
Trog
Uskayaw
Vehumet
Wu Jian
Xom
Yredelemnul
Zin
The Shining One
Beogh

Shops:
D:6 }   Orc:2 :?(=(!(:*


Message History

The orc knight roars a battlecry!
The orc warriors go into a battle-frenzy!
Cornered, the orc warrior turns to fight! x2
You hear a shout!
Your surroundings seem slightly different.
The orc shouts!
You hear a shout!
The orc knight unwields a +0 broad axe.
The orc knight wields a +0 arbalest.
The orc knight shoots a bolt.
The bolt hits you!!
* * * LOW HITPOINT WARNING * * *
The orc warrior unwields a +0 broad axe.
The orc warrior wields a +0 arbalest.
The orc warrior shoots a bolt.
You block the bolt.
You see here a bolt.
The orc warrior hits you but does no damage.
The orc warrior hits you with a +0 scimitar of slicing.
* * * LOW HITPOINT WARNING * * *
x2 The orc shouts!
You hear a shout!
The orc warrior hits you from afar with a +0 halberd!
You die...
Beogh appreciates the orc warrior's killing of a heretic priest.

,,,,,,,,,,,,,,,,,,,,,,,,,,,,,,***
*,,**,,**,,,***,,,**,,**,,**,,,*,
,,,,,,,,,,≈≈* *≈≈,,,,,,.,,,**,,*,
,,,,,,,,,≈≈≈* *≈≈≈,,,,..,,,,*,,,,
,,,,,,,≈≈≈≈*###*≈≈≈≈,..o,,,,,,,,,
,,,,,≈≈≈≈**##∩##**≈≈≈≈..,,,,*,,,,
,,,,≈≈≈≈####..o####≈≈≈≈.,,,,*,,,,
,,,,,ooo.o.o.oo.........,,,,,,,,,
,,,,,o.oo..o.∩o.@.......,,,,,,,,,
,,,,≈≈≈≈####.((####≈≈≈≈.,,,,*,,,,
,,,,,≈≈≈≈**##∩##**≈≈≈≈..,,,,*,,,,
,,,,,,,≈≈≈≈*####≈≈≈≈.............
,,,,,,,..≈≈≈* #≈≈≈.......oo.#....
,,,,,.....≈≈* #≈≈..........##....
*,,**..##...###...##..##o.##.....
,,,,,,.................o.........
,,,,,,.............c.............


You could see an orc knight, 5 orc warriors and 2 orcs.

Vanquished Creatures
  A minotaur (Gauntlet)
  A death ooze (Gauntlet)
  Josephine (D:11)
  Erica (D:8)
  An ogre mage (Volcano)
  9 two-headed ogres
  An orc high priest (Orc:1)
  3 death yaks (D:9)
  A hell knight (Volcano)
  2 orc knights
  2 ugly things
  A cyclops (D:11)
  A worldbinder (Gauntlet)
  2 manticores (D:11)
  2 molten gargoyles (Volcano)
  A gargoyle (D:11)
  5 trolls
  Grinder (D:4)
  7 slime creatures
  2 hippogriffs
  4 wraiths
  16 yaks
  6 fire bats (Volcano)
  A human (D:12)
  A hungry ghost (D:9)
  Eustachio (D:4)
  Menkaure (D:5)
  2 swamp worms (Gauntlet)
  4 wargs
  An acid dragon (D:11)
  22 orc warriors
  3 sky beasts
  A phantom (D:6)
  An ice beast (D:8)
  3 black bears
  10 ogres
  An eye of draining (D:12)
  A boggart (Gauntlet)
  4 centaurs
  2 big kobolds
  10 bullfrogs
  A gnoll sergeant (D:10)
  2 scorpions
  15 killer bees
  3 wights (D:7)
  2 centaur zombies (D:7)
  4 crimson imps
  5 lava snakes (Volcano)
  A bullfrog zombie (D:5)
  3 quasits
  5 hounds
  2 jellies
  24 orc priests
  23 orc wizards
  3 bullfrog skeletons
  3 centaur skeletons
  A human zombie (Ossuary)
  7 iguanas
  2 worker ants
  2 hound zombies
  3 mummies (Ossuary)
  A howler monkey zombie (D:6)
  2 worker ant zombies (D:7)
  Robin (D:2)
  13 gnolls
  12 adders
  2 shadow imps
  2 oozes
  2 adder zombies (Ossuary)
  3 worms (D:2)
  4 dart slugs
  5 leopard geckos
  73 orcs
  A ball python (D:1)
  4 bats (D:1)
  4 giant cockroaches
  A gnoll zombie (Ossuary)
  12 goblins
  12 hobgoblins
  11 jackals
  18 kobolds
  4 quokkas
  6 frilled lizards
  4 goblin zombies
  5 hobgoblin zombies (Ossuary)
  A jackal zombie (D:6)
  A kobold zombie (Ossuary)
  A leopard gecko skeleton (D:4)
  A leopard gecko zombie (D:6)
  A quokka skeleton (D:4)
  4 quokka zombies (Ossuary)
  6 rats
  2 rat zombies
470 creatures vanquished.

Notes
Turn   | Place    | Note
-------+----------+-------------------------------------------
     0 | D:1      | MTVSty1e the Hill Orc Fighter began the quest for the Orb.
     0 | D:1      | Reached XP level 1. HP: 19/19 MP: 1/1
    62 | D:1      | Reached skill level 3 in Axes
    83 | D:1      | Reached XP level 2. HP: 17/26 MP: 2/2
   154 | D:1      | Reached skill level 4 in Axes
   436 | D:1      | Reached XP level 3. HP: 31/31 MP: 3/3
   494 | D:2      | Reached skill level 5 in Axes
   869 | D:2      | Reached XP level 4. HP: 36/39 MP: 4/4
   960 | D:2      | Reached skill level 6 in Axes
  1017 | D:2      | You fall into a shaft and drop 2 floors!
  1038 | D:4      | Noticed Eustachio
  1223 | D:2      | Noticed Robin
  1242 | D:2      | Killed Robin
  1242 | D:2      | Reached XP level 5. HP: 37/45 MP: 5/5
  1701 | D:3      | Reached skill level 7 in Axes
  2214 | D:4      | Reached skill level 8 in Axes
  2214 | D:4      | Reached XP level 6. HP: 24/51 MP: 6/6
  2424 | D:4      | Killed Eustachio
  2424 | D:4      | Reached skill level 9 in Axes
  2598 | D:4      | Noticed Grinder
  2614 | D:4      | Paralysed by Grinder for 7 turns
  2623 | D:4      | Killed Grinder
  2623 | D:4      | Reached skill level 10 in Axes
  2623 | D:4      | Reached XP level 7. HP: 39/57 MP: 7/7
  3061 | D:5      | Entered Level 5 of the Dungeon
  3153 | D:5      | Reached skill level 11 in Axes
  3222 | D:5      | Reached XP level 8. HP: 63/64 MP: 8/8
  3282 | D:5      | Noticed Menkaure
  3289 | D:5      | Killed Menkaure
  3327 | D:5      | Found a burning altar of Makhleb.
  3531 | D:6      | Found Wovour's Gadget Shoppe.
  3546 | D:6      | Reached skill level 12 in Axes
  3777 | D:6      | Reached skill level 5 in Fighting
  3814 | D:6      | Reached XP level 9. HP: 74/74 MP: 9/9
  3856 | D:6      | Found a sand-covered staircase.
  3863 | Ossuary  | Entered an ossuary
  4162 | D:6      | Found a staircase to the Ecumenical Temple.
  4178 | D:6      | Reached skill level 5 in Armour
  4178 | D:6      | Reached skill level 5 in Shields
  4180 | Temple   | Entered the Ecumenical Temple
  4638 | D:7      | Reached skill level 13 in Axes
  5869 | D:8      | Noticed Erica
  5880 | D:8      | Killed Erica
  5880 | D:8      | Reached skill level 14 in Axes
  5880 | D:8      | Reached XP level 10. HP: 59/84 MP: 10/10
  6545 | D:8      | Noticed a two-headed ogre
  6551 | D:8      | Killed a two-headed ogre
  6742 | D:8      | Noticed Maurice
  6750 | D:8      | Noticed Maurice
  6757 | D:8      | Killed Maurice the ice beast
  7143 | D:9      | Noticed a death yak
  7144 | D:9      | Noticed a death yak
  7147 | D:9      | Found a staircase to the Lair.
  7152 | D:9      | Noticed a death yak
  7520 | D:9      | Reached skill level 15 in Axes
  7535 | D:9      | Killed a death yak
  7548 | D:9      | Killed a death yak
  7548 | D:9      | Reached XP level 11. HP: 70/95 MP: 11/11
  7555 | D:9      | Killed a death yak
  8066 | D:9      | Reached skill level 16 in Axes
  8199 | D:10     | Entered Level 10 of the Dungeon
  8545 | D:10     | Noticed a two-headed ogre
  8555 | D:10     | Killed a two-headed ogre
  8862 | D:11     | Noticed Josephine
  8879 | D:11     | Killed Josephine
  8909 | D:11     | Found a sacrificial altar of Ru.
  8970 | D:11     | Found a gate leading to a gauntlet.
  8983 | Gauntlet | Entered a Gauntlet
  8983 | Gauntlet | Found a transporter.
  8990 | Gauntlet | Found a transporter.
  8992 | Gauntlet | Found a transporter.
  9007 | Gauntlet | Noticed a tengu warrior
  9008 | Gauntlet | Found a transporter.
  9010 | Gauntlet | Found a transporter.
  9013 | Gauntlet | Noticed a hell hog
  9024 | Gauntlet | Found a transporter.
  9029 | Gauntlet | Found a runed translucent door.
  9036 | Gauntlet | Found a transporter.
  9036 | Gauntlet | Noticed a blizzard demon
  9046 | Gauntlet | Found a transporter.
  9056 | Gauntlet | Found a transporter.
  9070 | Gauntlet | Noticed a death scarab
  9071 | Gauntlet | Found a transporter.
  9072 | Gauntlet | Noticed a death scarab
  9079 | Gauntlet | Found a transporter.
  9083 | Gauntlet | Found a transporter.
  9095 | Gauntlet | Noticed a worldbinder
  9132 | Gauntlet | Killed a worldbinder
  9172 | Gauntlet | Noticed a death ooze
  9172 | Gauntlet | Found a transporter.
  9234 | Gauntlet | Killed a death ooze
  9234 | Gauntlet | Reached XP level 12. HP: 85/106 MP: 12/12
  9240 | Gauntlet | Identified Qegenont's Grimoire of Gliding Sinister Secrets
  9256 | Gauntlet | Reached skill level 17 in Axes
  9264 | Gauntlet | Reached skill level 10 in Fighting
  9269 | Gauntlet | Found a transporter.
  9292 | Gauntlet | Identified the +2 great mace of Kycvougg {pain, +Blink
                  | +Rage}
  9292 | Gauntlet | Noticed a minotaur
  9309 | Gauntlet | Killed a minotaur
  9535 | Gauntlet | Identified the Incunabulum of the Mutagenic Rocks
 10500 | D:12     | Noticed a two-headed ogre
 10507 | D:12     | Killed a two-headed ogre
 10553 | D:12     | Noticed a two-headed ogre
 10581 | D:12     | Killed a two-headed ogre
 10647 | D:12     | Reached skill level 10 in Armour
 10647 | D:12     | Reached skill level 10 in Shields
 10649 | D:12     | Reached skill level 18 in Axes
 10891 | D:12     | Found a staircase to the Orcish Mines.
 10918 | D:12     | Reached XP level 13. HP: 116/116 MP: 1/13
 10938 | Orc:1    | Entered Level 1 of the Orcish Mines
 11550 | Orc:1    | Found a roughly hewn altar of Beogh.
 11561 | Orc:1    | Became a worshipper of Beogh the Brigand
 11886 | Orc:2    | Entered Level 2 of the Orcish Mines
 11906 | Orc:2    | Found a dark tunnel.
 11914 | Volcano  | Entered a volcano
 12258 | Volcano  | Found a radiant altar of Vehumet.
 12348 | Volcano  | Reached skill level 19 in Axes
 12683 | Volcano  | Reached * piety under Beogh
 13036 | Orc:2    | Found Tycotuph's Magic Scroll Emporium.
 13052 | Orc:2    | Reached ** piety under Beogh
 13064 | Orc:2    | Bought a scroll of blinking for 97 gold pieces
 13064 | Orc:2    | Bought a scroll of acquirement for 676 gold pieces
 13064 | Orc:2    | Bought a scroll of teleportation for 39 gold pieces
 13064 | Orc:2    | Bought 2 scrolls of enchant armour for 195 gold pieces
 13064 | Orc:2    | Bought a scroll of magic mapping for 45 gold pieces
 13064 | Orc:2    | Bought a scroll of identify for 26 gold pieces
 13064 | Orc:2    | Bought a scroll of enchant weapon for 97 gold pieces
 13064 | Orc:2    | Bought a scroll of identify for 26 gold pieces
 13087 | Orc:2    | Found Yjyteali's Book Boutique.
 13104 | Orc:2    | Found Ytzuoc's Weapon Shoppe.
 13115 | Orc:2    | Found Ytemij's Assorted Antiques.
 13116 | Orc:2    | Found Dyid's Book Emporium.
 13158 | Orc:2    | Found a staircase to the Elven Halls.
 13174 | Orc:2    | Found Kupralig's Distillery.
 13174 | Orc:2    | Found Cucra's Antique Weapon Boutique.
 13174 | Orc:2    | Found Lyczeck's Jewellery Shoppe.
 13174 | Orc:2    | Found Tujou's Weapon Emporium.
 13178 | Orc:2    | Bought a potion of heal wounds for 90 gold pieces
 13178 | Orc:2    | Bought a potion of heal wounds for 90 gold pieces
 13182 | Orc:2    | Mangled by an orc warrior

Levels and vault maps discovered:
D:1:      zaba_arrival_water, layout_basic, nrook_mini_vaults, minivault_27,
          minmay_small_reverse_x
D:2:      layout_rooms, kennysheep_generic_room_6, uniq_robin
D:3:      minmay_skewed_foursquare, layout_basic, first_ration
D:4:      layout_gridville, uniq_eustachio, uniq_grinder
D:5:      layout_cave_pools, lemuel_crystal_altar, uniq_menkaure
D:6:      layout_gridville, minmay_temple_entry_drinking_statues, serial_shops,
          shop, enter_ossuary_4, chequers_arboretum
D:7:      layout_basic
D:8:      layout_loops_ring, kennysheep_generic_room_15, uniq_maurice,
          uniq_erica
D:9:      layout_stronghold, dpeg_lair_monsters
D:10:     layout_cave_pools
D:11:     layout_roguey, basic_altar, gauntlet_entry_generic, uniq_josephine
D:12:     layout_loops_ring, erik_orc_4, serial_glass, glass_columns_a,
          glass_columns_b, special_room [special_room_orc]
Temple:   nicolae_temple_the_god_donut
Orc:1:    nicolae_orc_accident_1, layout_caves, minmay_orc_temple_b
Orc:2:    st_orc_rangers, layout_caves, serial_shops, nicolae_shop_statue_plus,
          nicolae_shop_waterfront, nicolae_shop_stone, shop_statue,
          shop_fountains, nicolae_volcano_entry_two_sided

Skill      XL: |  1  2  3  4  5  6  7  8  9 10 11 12 13 |
---------------+----------------------------------------+-----
Axes           | 3 4 5 6 8 10 11 12 14 15 16 18 19 | 19.3
Fighting       | 5 6 8 9 11 | 11.9
Armour         | 4 6 7 9 10 11 | 11.1
Shields        | 4 6 7 9 10 11 | 11.0

Action                   |  1- 3 |  4- 6 |  7- 9 | 10-12 | 13-15 || total
-------------------------+-------+-------+-------+-------+-------++-------
Melee: War axe           |    99 |     5 |   112 |   164 |       ||   380
       Hand axe          |       |   127 |   261 |   664 |   413 ||  1465
Evoke: Wand              |       |       |       |     1 |       ||     1
  Use: Scroll            |       |     5 |     7 |    11 |     7 ||    30
       Potion            |       |     1 |       |     8 |     1 ||    10
  Eat: Chunk             |       |     4 |     3 |     2 |     4 ||    13
       Ration            |       |     1 |     2 |     5 |     1 ||     9
Armor: Scale mail        |    58 |    41 |    94 |       |       ||   193
       Plate armour      |       |       |    42 |   221 |       ||   263
       Chain mail        |       |       |       |   134 |   177 ||   311
Dodge: Dodged            |    28 |    55 |   105 |   186 |   128 ||   502
Block: Shield            |    58 |     4 |       |       |       ||    62
       Buckler           |       |    37 |    90 |   199 |    93 ||   419
